 Dungeon Crawl Stone Soup version 0.16.2-2-g470672f (webtiles) character file.

828 SirGodfroy the Ruffian (level 7, -8/58 HPs)
             Began as a Grey Draconian Transmuter on Aug 16, 2015.
             Mangled by a wraith (9 damage)
             ... on level 4 of the Dungeon.
             The game lasted 00:20:22 (5838 turns).

SirGodfroy the Ruffian (Grey Draconian Transmuter)  Turns: 5838, Time: 00:20:23

Health: -8/58      AC: 14    Str: 12    XL:     7   Next: 64%
Magic:  13/15      EV: 13    Int: 20    God:
Gold:   212        SH:  0    Dex: 11    Spells: 2 memorised, 9 levels left

rFire  . . .     SeeInvis .     u - +1 halberd (chop)
rCold  . . .     Clarity  .     (armour unavailable)
rNeg   . . .     SustAb   .     (no shield)
rPois  .         Gourm    .     (helmet restricted)
rElec  .         Spirit   .     (no cloak)
rCorr  .         Warding  .     p - +1 pair of gloves
rMut   .         Stasis   .     s - +0 pair of boots
MR     .....                    (no amulet)
Stlth  ++........               f - ring of stealth
                                q - +4 ring of intelligence

@: slowed, very slow, not resistant to hostile enchantments, unstealthy
A: walk through water, unfitting armour, unbreathing, cold-blooded, AC +11
a: no special abilities


You were on level 4 of the Dungeon.
You were not hungry.

You visited 1 branch of the dungeon, and saw 5 of its levels.

You collected 212 gold pieces.

Inventory:

Hand weapons
 u - a +1 halberd of chopping (weapon)
Missiles
 b - 49 arrows
Armour
 p - a +1 pair of gloves (worn)
 s - a +0 pair of boots (worn)
Jewellery
 e - an uncursed ring of sustain abilities
 f - a ring of stealth (right hand)
 i - an uncursed ring of protection from magic
 q - a +4 ring of intelligence (left hand)
 z - an uncursed ring of magical power {unknown}
Magical devices
 g - a wand of digging (8)
Scrolls
 c - 6 scrolls of identify
 l - 2 scrolls of remove curse {unknown}
 n - 2 scrolls of amnesia {unknown}
 o - 2 scrolls of teleportation
 v - a scroll of magic mapping
 w - 2 scrolls of enchant weapon {unknown}
 y - a scroll of recharging {unknown}
Potions
 r - a potion of degeneration {unknown}
 t - a potion of invisibility {unknown}
 x - 2 potions of curing
Books
 d - a book of Changes

   Spells                             Type                      Level
   a - Beastly Appendage              Transmutation                1
   b - Sticks to Snakes               Transmutation                2
   c - Spider Form                    Transmutation/Poison         3
   d - Ice Form                       Ice/Transmutation            4
   e - Blade Hands                    Transmutation                5
 j - a book of Summonings

   Spells                             Type                      Level
   a - Abjuration                     Summoning                    3
   b - Recall                         Summoning/Translocation      3
   c - Shadow Creatures               Summoning                    5
   d - Summon Demon                   Summoning                    5
   e - Summon Forest                  Summoning/Translocation      5
   f - Monstrous Menagerie            Summoning                    6
Comestibles
 a - 4 bread rations
 h - 9 fruits
 k - 4 beef jerkies
 A - a slice of pizza


   Skills:
 + Level 3.7 Fighting
 * Level 2.2 Polearms
 + Level 3.2 Dodging
 * Level 5.6 Unarmed Combat
 + Level 3.5 Spellcasting
 + Level 4.0 Transmutations


You had 9 spell levels left.
You knew the following spells:

 Your Spells              Type           Power        Failure   Level  Hunger
a - Beastly Appendage     Trmt           ###...       2%          1    None
b - Spider Form           Trmt/Pois      ##........   21%         3    ###....


Dungeon Overview and Level Annotations

Branches:
Dungeon (5/15)
 Temple: D:4-7

Altars:
Elyvilon
Yredelemnul


Innate Abilities, Weirdness & Mutations

You can walk through water.
Your dull iron-grey scales are very hard (AC +11).
Your body does not fit into most forms of armour.
You can survive without breathing.
Your cold-blooded metabolism reacts poorly to cold.


Message History

Your +0 pair of boots unmelds from your body.
There is a stone staircase leading up here.
The wraith hits you!
* * * LOW HITPOINT WARNING * * *
You climb upwards.
There is a stone staircase leading down here.
You puncture the wraith!
The wraith is moderately damaged.
The wraith hits you but does no damage.
You slash the wraith!
The wraith is heavily damaged.
The wraith hits you but does no damage.
You barely miss the wraith.
The wraith is heavily damaged.
The wraith hits you!
* * * LOW HITPOINT WARNING * * *
The wraith drains your vigour!
You feel yourself slow down.
* * * LOW HITPOINT WARNING * * *
The wraith hits you!
You die...

##............##
##..).......<>..##
##................##
#..................##
#....###............#
##...# ###.(........#
##..# #.<........#
##.# #.)........#
##.# ##...#.W@..##
#(.# #..#####...#
##.## #..# ###.#
##.## ##(## ### #.##
#((# ..# #(.# .##
#..# ## ###.##
.#####.(.#


You could see a wraith.

Vanquished Creatures
  2 ogres
  A crimson imp (D:5)
  2 hounds (D:4)
  3 orc priests
  2 orc wizards (D:4)
  A giant frog skeleton (D:5)
  Robin (D:3)
  8 gnolls
  A worker ant zombie (D:3)
  A river rat (D:4)
  8 adders
  3 worms
  4 giant mites
  2 giant geckos (D:1)
  2 oozes
  6 orcs
  11 bats
  8 giant cockroaches
  19 hobgoblins
  19 jackals
  17 kobolds
  6 quokkas
  2 ball pythons
  3 giant newts
  20 goblins
  16 rats
168 creatures vanquished.

Vanquished Creatures (others)
  Sigmund (D:3)
1 creature vanquished.

Grand Total: 169 creatures vanquished

Notes
Turn   | Place    | Note
--------------------------------------------------------------
     0 | D:1      | SirGodfroy, the Draconian Transmuter, began the quest for the Orb.
     0 | D:1      | Reached XP level 1. HP: 16/16 MP: 3/3
   496 | D:1      | Reached XP level 2. HP: 14/23 MP: 2/4
   761 | D:1      | HP: 1/23 [ooze (4)]
  1276 | D:1      | Reached XP level 3. HP: 27/29 MP: 4/6
  1711 | D:2      | Found a white marble altar of Elyvilon.
  2093 | D:2      | Learned a level 3 spell: Spider Form
  2151 | D:2      | Reached XP level 4. HP: 18/36 MP: 8/8
  3049 | D:3      | Noticed Robin
  3064 | D:3      | Reached skill level 4 in Unarmed Combat
  3070 | D:3      | Killed Robin
  3079 | D:3      | Reached XP level 5. HP: 29/42 MP: 5/9
  3234 | D:3      | Noticed an ogre
  3377 | D:3      | Found a basalt altar of Yredelemnul.
  3500 | D:3      | Noticed Sigmund
  3534 | D:3      | Killed Sigmund
  3790 | D:3      | Killed an ogre
  3790 | D:3      | Reached XP level 6. HP: 47/50 MP: 8/12
  3945 | D:3      | Reached skill level 5 in Unarmed Combat
  4773 | D:3      | Reached skill level 1 in Polearms
  4986 | D:4      | Your scales start taking on a dull iron-grey colour.
  4986 | D:4      | Gained mutation: You can survive without breathing. [draconian maturity]
  4986 | D:4      | Reached XP level 7. HP: 53/57 MP: 12/15
  5570 | D:5      | Entered Level 5 of the Dungeon
  5785 | D:5      | Noticed a wraith
  5838 | D:4      | HP: 1/58 [wraith (3)]
  5838 | D:4      | Mangled by a wraith

Action                   |  1- 3 |  4- 6 |  7- 9 || total
-------------------------+-------+-------+-------++-------
Melee: Unarmed           |   173 |   200 |    32 ||   405
       Halberd           |       |    84 |    60 ||   144
 Cast: Beastly Appendage |    23 |    14 |       ||    37
       Spider Form       |       |    16 |     5 ||    21
  Use: Scroll            |     5 |       |       ||     5
       Potion            |       |     7 |       ||     7
 Stab: Sleeping          |     3 |     8 |       ||    11
  Eat: Chunk             |     4 |    12 |     3 ||    19
